 Dungeon Crawl Stone Soup version 0.29-a0-923-g6e406bff71 (webtiles) character file.

Game seed: 13828496781557807560

129 xian the Sneak (level 5, -1/35 HPs)
             Began as an Octopode Brigand on July 28, 2022.
             Slain by a gnoll
             ... wielding a +0 halberd
              (6 damage)
             ... on level 3 of the Dungeon.
             The game lasted 00:05:42 (2412 turns).

xian the Sneak (Octopode Brigand)                   Turns: 2412, Time: 00:05:44

Health: -1/35      AC:  1    Str: 10    XL:     5   Next: 12%
Magic:  5/5        EV: 13    Int:  9    God:
Gold:   138        SH:  0    Dex: 15    Spells: 4/4 levels left

rFire   . . .      SeeInvis +   n - +5 morningstar of Fortitude {distort, rElec Int-5 SInv}
rCold   . . .      Faith    .   (no shield)
rNeg    . . .      Spirit   .   (helmet restricted)
rPois   .          Reflect  .   (no amulet)
rElec   +          Harm     .   (no ring)
rCorr   .          Rampage  .   (no ring)
Will    .....                   (no ring)
Stlth   ++++......              (no ring)
HPRegen 0.11/turn               (no ring)
MPRegen 0.09/turn               (no ring)
                                (no ring)
                                (no ring)

@: brilliant
A: almost no armour, amphibious, 8 rings, camouflage 1, gelatinous body 1,
(nimble swimmer 1), tentacles
a: no special abilities


You were on level 3 of the Dungeon.
You visited 1 branch of the dungeon, and saw 3 of its levels.

You collected 138 gold pieces.

Inventory:

Hand Weapons
 a - a +3 dagger
 n - the +5 morningstar of Fortitude (weapon) {distort, rElec Int-5 SInv}
   (You found it on level 2 of the Dungeon)

   It warps and distorts space around it, and may blink, banish, or inflict
   extra damage upon those it strikes.
   Unwielding it can cause banishment or high damage.
   Int:       It affects your intelligence (-5).
   rElec:     It insulates you from electricity.
   SInv:      It lets you see invisible.
Missiles
 b - 11 poisoned darts (quivered)
 c - 3 curare-tipped darts
Scrolls
 e - a scroll of poison
 f - 2 scrolls of teleportation
 g - a scroll of identify
 i - a scroll of fear
Potions
 d - a potion of mutation
 h - a potion of curing
 j - a potion of heal wounds {unknown}
 k - a potion of might {unknown}
 m - a potion of brilliance


   Skills:
 + Level 2.4 Fighting
 - Level 2.8 Short Blades
 * Level 1.3 Maces & Flails
 + Level 2.3 Throwing
 + Level 1.7 Dodging
 + Level 6.8 Stealth


You had 4 spell levels left.
You didn't know any spells.
Your spell library contained the following spells:

 Spells                   Type           Power      Damage    Failure   Level
 Apportation              Tloc           0%         N/A       38%         1
 Necrotise                Necr           0%         1d4       38%         1
 Summon Small Mammal      Summ           0%         N/A       38%         1
 Blink                    Tloc           0%         N/A       52%         2
 Call Canine Familiar     Summ           0%         N/A       77%         3
 Gell's Gravitas          Tloc           0%         N/A       77%         3
 Lesser Beckoning         Tloc           0%         N/A       77%         3
 Portal Projectile        Hex/Tloc       0%         N/A       77%         3
 Teleport Other           Tloc           0%         N/A       77%         3
 Leda's Liquefaction      Hex/Erth       0%         N/A       99%         4
 Manifold Assault         Tloc           0%         N/A       100%        5
 Dispersal                Tloc           0%         N/A       100%        6


Dungeon Overview and Level Annotations

Branches:
Dungeon (3/15)

Altars:
Makhleb
Okawaru
Zin


Innate Abilities, Weirdness & Mutations

You cannot wear most types of armour.
You are amphibious.
You can wear up to eight rings at the same time.
Your skin changes colour to match your surroundings (Stealth+).
Your rubbery body absorbs attacks. (AC +1, EV +1)
((You are camouflaged when in or above water. (Stealth+)))
You have tentacles for arms and can constrict up to eight enemies at once.


Message History

The bat escapes!
The bat closely misses you. The bat hits you but does no damage.
You barely miss the bat. Your grab misses the bat.
The bat is moderately wounded.
The bat closely misses you. The bat barely misses you.
You miss the bat. You grab the bat. You squeeze the bat.
You kill the bat!
You see here a bat corpse. 2 gnolls come into view.
A hobgoblin comes into view.
A gnoll comes into view. It is wielding a +0 spear.
The helpless hobgoblin fails to defend itself.
You hit the hobgoblin but do no damage. You grab the hobgoblin.
The hobgoblin blinks free!
The gnoll shouts! x2; The hobgoblin shouts!
Found an iron altar of Okawaru.
The gnoll hits you with a +0 spear!
The gnoll shouts!
You hit the gnoll. You grab the gnoll. You squeeze the gnoll!
You kill the gnoll!
The bat hits you but does no damage.
The gnoll hits you from afar with a +0 spear.
The hobgoblin closely misses you.
The gnoll hits you from afar with a +0 spear.
You closely miss the hobgoblin. You grab the hobgoblin.
You squeeze the hobgoblin.
You kill the hobgoblin!
The bat hits you but does no damage. The hobgoblin misses you.
The gnoll hits you from afar with a +0 spear.
It was a potion of brilliance.
You feel clever all of a sudden. The bat closely misses you.
The hobgoblin closely misses you. The gnoll closely misses you. x2
Unknown command.
You hit the hobgoblin.
Space warps around the hobgoblin.
You kill the hobgoblin!
The bat barely misses you.
The gnoll closely misses you. x2; The bat hits you.
The gnoll hits you from afar with a +0 spear!
* * * LOW HITPOINT WARNING * * *
The gnoll hits you from afar with a +0 halberd.
You die...

.. ..# . ..#####
.#....... ## #.
......... .#.. ###..
#........ .#.#
#...####..g..... .....
#...#..b.)g.....
.....####.....).@.......
....#......####..####.._
.......................
.......................
.>.....................
.#...........###.......
##...........##........
##........†............
###.##..##..#........


You could see 2 gnolls and a bat.

Vanquished Creatures
  Jessica (D:2)
  3 adders (D:2)
  A gnoll (D:3)
  A dart slug (D:2)
  6 endoplasms
  2 giant cockroaches
  5 goblins
  8 hobgoblins
  3 jackals (D:2)
  9 kobolds
  A quokka (D:1)
  7 ball pythons
  8 bats
  5 frilled lizards
  3 rats
63 creatures vanquished.

Notes
Turn   | Place    | Note
-------+----------+-------------------------------------------
     0 | D:1      | xian the Octopode Brigand began the quest for the Orb.
     0 | D:1      | Reached XP level 1. HP: 14/14 MP: 1/1
   131 | D:1      | Found a faded altar of an unknown god.
   320 | D:1      | Reached XP level 2. HP: 15/19 MP: 2/2
   679 | D:1      | Reached skill level 6 in Stealth
   944 | D:1      | You fall into a shaft and drop 1 floor!
   973 | D:2      | Reached XP level 3. HP: 22/24 MP: 3/3
  1586 | D:2      | Reached XP level 4. HP: 29/29 MP: 4/4
  1683 | D:2      | Identified the +5 morningstar of Fortitude {distort, rElec
                  | Int-5 SInv}
  1718 | D:2      | Noticed Jessica
  1721 | D:2      | Killed Jessica
  1922 | D:2      | Found a glowing silver altar of Zin.
  2309 | D:3      | Found a burning altar of Makhleb.
  2320 | D:3      | Reached XP level 5. HP: 32/35 MP: 5/5
  2324 | D:3      | Reached skill level 1 in Maces & Flails
  2408 | D:3      | Found an iron altar of Okawaru.
  2412 | D:3      | Slain by a gnoll

Illustrated notes

Levels and vault maps discovered:
D:1:      matt_arrival_spirals, layout_basic, basic_ecumenical_altar,
          minivault_26, minmay_cupped
D:2:      layout_rooms, basic_altar, minmay_randomly_rotated_circles,
          uniq_jessica
D:3:      layout_rooms, bloody_makhleb, mainiacjoe_overflow_boulevard,
          serial_shops, nicolae_lakefront_shop

Skill      XL: |  1  2  3  4  5 |
---------------+----------------+-----
Stealth        | 6 |  6.8
Maces & Flails | 1 |  1.3
Fighting       | |  2.4
Short Blades   | |  2.8
Throwing       | |  2.3
Dodging        | |  1.7

Action                   |  1- 3 |  4- 6 || total
-------------------------+-------+-------++-------
Melee: Dagger            |    65 |     9 ||    74
       Constrict         |    13 |    14 ||    27
       Tentacles         |     7 |    11 ||    18
       Morningstar       |       |    29 ||    29
       Punch             |       |     1 ||     1
Throw: Dart              |     8 |     2 ||    10
  Use: Scroll            |       |     7 ||     7
       Potion            |       |     1 ||     1
 Stab: Sleeping          |     9 |     3 ||    12
Armor: Skin              |     7 |     8 ||    15
Dodge: Dodged            |    60 |    40 ||   100

Table legend: (Time is in decaauts)
 A = Elapsed time spent in this place.
 B = Non-inter-level travel time spent in this place.
 C = Inter-level travel time spent in this place.
 D = Time resting spent in this place.
 E = Time spent auto-exploring this place.
 F = Levels seen in this place.
 G = Mean time per level.
                   A        B        C        D        E       F      G
               +--------+--------+--------+--------+--------+-----+--------+
         Total |   2413 |   2382 |     31 |      3 |   1812 |   3 |  804.3 |
       Dungeon |   2413 |   2382 |     31 |      3 |   1812 |   3 |  804.3 |
               +--------+--------+--------+--------+--------+-----+--------+

Top non-repeatable levels by time:
     D:1: 1240 daAuts
     D:2: 986 daAuts
     D:3: 186 daAuts
